 Dungeon Crawl Stone Soup version 0.24-a0-335-g06ca16a (webtiles) character file.

Game seed: 11745913462068887161

100534 MatthieuS the Fighter (level 16, 0/134 HPs)
             Began as a Merfolk Skald on May 17, 2019.
             Was the Champion of Makhleb.
             Shot with a bolt by a yaktaur captain (31 damage)
             ... on level 1 of the Depths on May 18, 2019.
             The game lasted 02:01:20 (27426 turns).

MatthieuS the Fighter (Merfolk Skald)              Turns: 27426, Time: 02:01:20

Health: 0/134      AC: 26    Str: 12    XL:     16   Next: 28%
Magic:  0/30       EV: 14    Int: 22    God:    Makhleb [******]
Gold:   524        SH:  8    Dex: 11    Spells: 15/36 levels left

rFire    + + .     SeeInvis +   H - +1 trident (pierce)
rCold    + . .     Gourm    .   y - +3 warlock's mirror {reflect}
rNeg     + + +     Faith    +   s - +9 scale mail "Plog" {rF+ rN++}
rPois    +         Spirit   .   G - +2 helmet {Int+3}
rElec    +         Reflect  +   Q - scarf {rC+ rF+}
rCorr    +         Harm     .   X - +0 pair of gloves of Joej {rN++ rCorr Stlth+}
MR       +++..                  L - +0 pair of boots {Fly}
Stlth    +.........             M - amulet of Ulit {Faith rElec rPois MR+}
HPRegen  1.32/turn              J - +4 ring of protection
MPRegen  0.22/turn              z - ring of see invisible

@: infused (expiring), flying, regenerating
A: change form in water, swift swim, stealthy swim, clumsy 1, magic resistance 1
a: Minor Destruction, Lesser Servant of Makhleb, Major Destruction, Greater
Servant of Makhleb, Renounce Religion, Stop Flying


You were on level 1 of the Depths.
You worshipped Makhleb.
Makhleb was exalted by your worship.
You were not hungry.

You visited 4 branches of the dungeon, and saw 23 of its levels.
You also visited: Gauntlet and Ice Cave.

You collected 1932 gold pieces.
You spent 1408 gold pieces at shops.

Inventory:

Hand Weapons
 H - a +1 trident of piercing (weapon)
   (You took it off a rakshasa on level 15 of the Dungeon)
 I - a +3 antimagic trident
   (You took it off an orc on level 7 of the Dungeon)
 S - a +2 trident of flaming
   (You found it on level 6 of the Lair of Beasts)
Missiles
 k - 85 poisoned darts (quivered)
 r - 3 throwing nets {!f}
Armour
 s - the +9 scale mail "Plog" (worn) {rF+ rN++}
   (You took it off a minotaur in a Gauntlet)

   It protects you from fire.
   It greatly protects you from negative energy.
 y - the +3 warlock's mirror (worn) {reflect}
   (You found it on level 12 of the Dungeon)
 G - a +2 helmet of intelligence (worn)
   (You bought it in a shop on level 10 of the Dungeon)
 L - a +0 pair of boots of flying (worn)
   (You found it in a Gauntlet)
 Q - a scarf of resistance (worn)
   (You found it on level 15 of the Dungeon)
 X - the +0 pair of gloves of Joej (worn) {rN++ rCorr Stlth+}
   (You found it on level 12 of the Dungeon)

   It greatly protects you from negative energy.
   It provides partial protection from all sources of acid and corrosion.
   It makes you more stealthy.
Jewellery
 l - an uncursed ring of protection from magic
   (You found it on level 8 of the Dungeon)
 n - the ring of Jeria {rPois rC+}
   (You took it off an orc on level 9 of the Dungeon)

   [ring of protection from cold]

   It protects you from cold.
   It protects you from poison.
 z - a ring of see invisible (right hand)
   (You found it on level 2 of the Dungeon)
 J - a +4 ring of protection (left hand)
   (You took it off a centaur on level 7 of the Dungeon)
 M - the amulet of Ulit (around neck) {Faith rElec rPois MR+}
   (You bought it in a shop on level 5 of the Dungeon)

   [amulet of faith]

   It allows you to gain divine favour quickly.
   It insulates you from electricity.
   It protects you from poison.
   It affects your resistance to hostile enchantments.
 V - an uncursed ring of protection from fire
   (You found it on level 5 of the Lair of Beasts)
 W - the ring of Beagya {+Fly rN+ MP+9}
   (You found it on level 6 of the Lair of Beasts)

   [ring of magical power]

   It protects you from negative energy.
   It affects your magic capacity (+9).
   It lets you fly.
Wands
 c - a wand of disintegration (31)
   (You found it on level 3 of the Lair of Beasts)
 d - a wand of iceblast (13)
   (You took it off Ijyb on level 3 of the Dungeon)
 t - a wand of flame (37)
   (You found it in a Gauntlet)
 u - a wand of paralysis (24)
   (You found it on level 10 of the Dungeon)
 v - a wand of digging (15)
   (You found it on level 7 of the Dungeon)
 P - a wand of polymorph (9)
   (You took it off an orc warrior on level 15 of the Dungeon)
 U - a wand of enslavement (12)
   (You found it on level 5 of the Lair of Beasts)
Scrolls
 a - a scroll of identify {@r1}
 b - 2 scrolls of brand weapon
 f - 14 scrolls of teleportation {@r4}
 g - 15 scrolls of remove curse {@r2}
 i - a scroll of fear
 p - 4 scrolls of enchant weapon
 q - 2 scrolls of immolation {!r}
 x - a scroll of fog
 E - a scroll of silence
 F - 5 scrolls of enchant armour
 K - 7 scrolls of amnesia
 O - a scroll of blinking
 Z - 6 scrolls of magic mapping
Potions
 h - 2 potions of invisibility
 j - 5 potions of flight
 o - a potion of brilliance
 w - 3 potions of magic
 A - 5 potions of curing {@q1}
 B - a potion of cancellation
 C - a potion of haste {@q3}
 D - 2 potions of resistance
 R - 2 potions of lignification {!q}
Miscellaneous
 N - a lamp of fire
   (You found it on level 2 of the Lair of Beasts)
Comestibles
 e - 40 rations
 m - 12 chunks of flesh


   Skills:
 + Level 14.7 Fighting
 - Level 14.0 Polearms
 - Level 5.2 Armour
 + Level 12.5 Dodging
 + Level 5.0 Shields
 - Level 10.9 Spellcasting
 + Level 7.9 Hexes
 - Level 11.0 Charms
 - Level 11.2 Invocations


You had 15 spell levels left.
You knew the following spells:

 Your Spells              Type           Power        Failure   Level  Hunger
a - Infusion              Chrm           ####         1%          1    None
b - Spectral Weapon       Hex/Chrm       ######..     1%          3    None
c - Tukima's Dance        Hex            #####...     2%          3    None
d - Apportation           Tloc           ##....       26%         1    None
e - Regeneration          Chrm/Necr      #####.....   8%          3    None
q - Song of Slaying       Chrm           ######..     1%          2    None
s - Swiftness             Chrm/Air       #####...     3%          2    None
x - Confuse               Hex            #####...     2%          3    None
z - Animate Skeleton      Necr           N/A          26%         1    None
A - Shroud of Golubria    Chrm/Tloc      #####.....   3%          2    None

Your spell library contained the following spells:

 Spells                   Type           Power        Failure   Level  Hunger
 Confusing Touch          Hex            #####.       1%          1    None
 Corona                   Hex            #####..      1%          1    None
 Ensorcelled Hibernation  Hex/Ice        ####..       8%          2    None
 Dazzling Spray           Conj/Hex       ####..       14%         3    None
 Inner Flame              Hex/Fire       ####....     14%         3    None
 Summon Guardian Golem    Hex/Summ       ####....     14%         3    None
 Beastly Appendage        Tmut           ##....       26%         1    None
 Flame Tongue             Conj/Fire      ##...        26%         1    None
 Summon Butterflies       Summ           ##......     26%         1    None
 Summon Small Mammal      Summ           ##..         26%         1    None
 Call Imp                 Summ           ##......     36%         2    None
 Poisonous Vapours        Pois/Air       ##....       36%         2    None
 Sticks to Snakes         Tmut           ##......     36%         2    None
 Throw Flame              Conj/Fire      ##....       36%         2    None
 Leda's Liquefaction      Hex/Erth       ####......   43%         4    #......
 Call Canine Familiar     Summ           ##......     58%         3    None
 Conjure Flame            Conj/Fire      ##......     58%         3    None
 Lesser Beckoning         Tloc           ##........   58%         3    None
 Recall                   Summ/Tloc      N/A          58%         3    None
 Spider Form              Tmut/Pois      ##........   58%         3    None
 Metabolic Englaciation   Hex/Ice        ####......   80%         5    ####...
 Silence                  Hex/Air        ####......   80%         5    ####...
 Invisibility             Hex            #####...     82%         6    ######.
 Force Lance              Conj/Tloc      ##......     94%         4    #......
 Ice Form                 Ice/Tmut       ##......     94%         4    #......
 Sticky Flame             Conj/Fire      ##......     94%         4    #......
 Summon Ice Beast         Ice/Summ       ##......     94%         4    #......
 Summon Lightning Spire   Summ/Air       ##......     94%         4    #......
 Alistair's Intoxication  Tmut/Pois      ##......     100%        5    ####...
 Blade Hands              Tmut           ##........   100%        5    ####...
 Borgnjor's Vile Clutch   Necr/Erth      ##........   100%        5    ####...
 Fireball                 Conj/Fire      ##........   100%        5    ####...
 Bolt of Fire             Conj/Fire      ##........   100%        6    ######.
 Freezing Cloud           Conj/Ice/Air   ##........   100%        6    ######.
 Hydra Form               Tmut           ##........   100%        6    ######.
 Ignition                 Fire           ##........   100%        8    #######


Dungeon Overview and Level Annotations

Branches:
Dungeon (15/15)            Temple (1/1) D:5            Lair (6/6) D:10
 Shoals (0/4) Lair:3        Snake (0/4) Lair:3        Slime (0/5) Lair:5
    Orc (0/2) D:12         Vaults (0/5) D:14         Depths (1/5) D:15

Altars:
Ashenzari
Cheibriados
Dithmenos
Elyvilon
Fedhas
Gozag
Hepliaklqana
Kikubaaqudgha
Makhleb
Nemelex Xobeh
Okawaru
Qazlal
Ru
Sif Muna
Trog
Uskayaw
Vehumet
Wu Jian
Xom
Yredelemnul
Zin
The Shining One
Beogh
Jiyva

Shops:
D:5 =   D:7 *}:?   D:10 *   D:13 [

Annotations:
D:6 1 runed translucent door, everene's ghost, novice MfSk
Lair:2 3 runed translucent doors, Ceffuacw's ghost, journeyman NaWz


Innate Abilities, Weirdness & Mutations

You revert to your normal form in water You are very nimble and swift while swimming.
You are very stealthy in the water. (Stealth+)
You are clumsy. (Dex -2)
You are resistant to hostile enchantments. (MR+)


Message History

Your ufetubus barely misses the ice dragon.
Your ufetubus hits the ice dragon.
The yaktaur shoots a bolt.
The bolt hits you!!
* * * LOW HITPOINT WARNING * * *
The bolt freezes you.
* * * LOW HITPOINT WARNING * * *
The ice dragon closely misses your ufetubus.
The ice dragon claws your ufetubus!
Your ufetubus is killed!
Your ynoxinul gestures at the ice dragon.
The iron shot hits the ice dragon!!
The ice dragon dies!
Makhleb accepts your kill.
Your Shields skill increases to level 5!
Attack whom?
Aim: a yaktaur, wielding a +0 arbalest (heavily wounded)
You reach to attack!
You hit the yaktaur. Your ufetubus hits the yaktaur. x2
Your ufetubus hits the yaktaur but does no damage.
Your ufetubus hits the yaktaur.
The yaktaur captain wields a +3 arbalest.
The yaktaur captain shoots a bolt.
The bolt completely misses your ufetubus.
The bolt hits your ufetubus!!
Your ufetubus dies!
Attack whom?
Aim: a yaktaur, wielding a +0 arbalest (severely wounded)
You reach to attack!
You hit the yaktaur.
Your magical infusion is running out.
Your ufetubus hits the yaktaur. x2
The yaktaur dies!
Makhleb accepts your kill.
Your ufetubus hits the yaktaur captain but does no damage.
Your ufetubus hits the yaktaur captain.
The yaktaur shoots a bolt.
The bolt hits you!!
* * * LOW HITPOINT WARNING * * *
The bolt freezes you.
* * * LOW HITPOINT WARNING * * *
Your ufetubus hits the yaktaur captain but does no damage. x2
The stone giant throws a large rock.
The large rock hits your ufetubus!!!
Your ufetubus dies!
The yaktaur captain unwields a +3 arbalest.
The yaktaur captain hits your ufetubus!
Your ufetubus dies!
A demon appears!
The stone giant throws a large rock.
The large rock hits your ufetubus!
Your ufetubus dies!
Your ynoxinul hits the yaktaur captain but does no damage.
The yaktaur captain wields a +3 arbalest.
The yaktaur captain shoots a bolt.
The bolt hits you!!
You die...

.........(###.......##
.....................#
...............#.....#
≈≈............###.Z.####
≈≈..(.C.......###......#
....cc().......###......
.#..3(((......## #......
.....).(.......###.....#
###..#.@........#.....##
# ##.3.(....###...##
#..(...### #####
....≈≈.(## ....#...###
.#####..# ####


You could see a stone giant, a yaktaur captain, a yaktaur and 2 friendly
ynoxinuls.

Vanquished Creatures
  The ghost of lyrin the Spear-Bearer, an adept MfSk of Qazlal (D:12)
  2 entropy weavers (Lair:6)
  Nessos (D:12)
  2 spark wasps
  Snorg (Lair:6)
  A fire dragon (Depths:1)
  2 ice dragons (Depths:1)
  7 hydras
  2 rakshasas
  An anaconda (Lair:6)
  3 two-headed ogres
  4 centaur warriors
  6 death yaks (Lair:5)
  2 tengu warriors
  Urug (D:12)
  A glowing orange brain (D:15)
  6 unseen horrors
  A wizard (Gauntlet)
  A necromancer (IceCv)
  An orc knight (D:15)
  2 deep elf magi (D:13)
  A wolf spider (Lair:6)
  5 cyclopes
  17 ugly things
  A manticore (Lair:3)
  A moth of wrath (Gauntlet)
  6 elephants (Lair:6)
  4 ice statues (IceCv)
  5 black mambas (Lair:6)
  A gargoyle (D:14)
  A guardian serpent (shapeshifter) (D:15)
  7 spiny frogs
  A rime drake (shapeshifter) (D:8)
  A rime drake (Lair:4)
  A yaktaur (D:15)
  A komodo dragon (Lair:2)
  A komodo dragon (shapeshifter) (D:14)
  A tengu conjurer (D:14)
  7 ice devils (IceCv)
  A meliai (shapeshifter) (D:15)
  6 trolls
  10 polar bears (Lair:6)
  6 blink frogs
  2 hornets (Lair:6)
  A meliai zombie (D:13)
  A raiju (Lair:6)
  6 slime creatures
  10 hippogriffs
  8 dream sheep
  A redback (Lair:6)
  A wraith (D:12)
  9 wyverns (Lair:6)
  A basilisk (shapeshifter) (D:15)
  2 shadows
  3 water elementals (D:15)
  A vampire (D:15)
  32 yaks
  2 vampire mosquitoes (D:12)
  4 hungry ghosts
  2 basilisks
  4 soldier ants (Lair:6)
  Grum (D:9)
  5 wargs
  10 water moccasins
  4 porcupines
  15 hell hounds (Lair:6)
  11 orc warriors
  Purgy (D:3)
  9 ice beasts
  11 black bears
  7 ogres
  An eye of draining (D:15)
  An ogre (shapeshifter) (D:14)
  A phantom (D:9)
  A sky beast (D:5)
  2 necrophages
  31 wolves
  6 crocodiles
  17 centaurs
  Blork the orc (D:6)
  2 big kobolds
  18 bullfrogs
  A gnoll sergeant (D:9)
  2 wyvern skeletons
  3 scorpions
  3 killer bees (D:13)
  9 wights
  10 howler monkeys
  10 electric eels
  4 crimson imps
  2 bullfrog zombies
  2 draconian simulacra (IceCv)
  11 jellies
  2 quasits
  3 centaur zombies
  4 hounds
  7 orc priests
  3 bullfrog skeletons
  14 orc wizards
  8 centaur skeletons
  7 iguanas
  Ijyb (D:3)
  13 worker ants
  2 spriggan simulacra (IceCv)
  2 troll simulacra (IceCv)
  A centaur simulacrum (IceCv)
  2 hound skeletons
  Robin (D:2)
  8 gnolls
  2 naga simulacra (IceCv)
  An ogre simulacrum (IceCv)
  16 adders
  3 shadow imps
  A white imp (Gauntlet)
  7 oozes
  An adder skeleton (D:9)
  2 worms (D:3)
  6 leopard geckos
  66 orcs
  8 giant cockroaches
  24 goblins
  6 hobgoblins
  13 jackals
  9 quokkas
  A ball python (D:2)
  6 bats
  9 frilled lizards
  19 kobolds
  A leopard gecko zombie (D:6)
  A quokka skeleton (D:5)
  5 rats
  A fungus (Lair:6)
  4 plants
  A withered plant (Gauntlet)
726 creatures vanquished.

Vanquished Creatures (collateral kills)
  A minotaur (Gauntlet)
  A fire dragon (Depths:1)
  2 hydras (Lair:3)
  An ice dragon (Depths:1)
  Harold (D:8)
  2 two-headed ogres
  A centaur warrior (Depths:1)
  A queen ant (Lair:6)
  A guardian serpent (Lair:6)
  3 elephants (Lair:5)
  A black mamba (Lair:6)
  4 spiny frogs
  A komodo dragon (Lair:1)
  2 yaktaurs (Depths:1)
  A redback zombie (D:15)
  2 polar bears
  2 blink frogs (Lair:6)
  2 hippogriffs
  A slime creature (Depths:1)
  2 redbacks (Lair:6)
  4 yaks
  A soldier ant (Lair:6)
  A hell hound (Lair:6)
  6 water moccasins
  An ice beast (D:9)
  3 black bears (Lair:6)
  2 wolves
  3 crocodiles
  3 bullfrogs
  An electric eel (Lair:5)
  3 centaur zombies
  An orc priest (D:12)
  An orc wizard (D:12)
  3 worker ants (Lair:6)
  An adder (D:8)
  An orc (D:12)
  3 jackals (D:6)
  3 fungi
  6 plants
79 creatures vanquished.

Vanquished Creatures (others)
  A fire giant (Depths:1)
  A yaktaur (Depths:1)
  A jumping spider (shapeshifter) (D:14)
  A centaur (D:14)
  An adder skeleton (D:9)
  An orc (D:9)
  24 fungi
  53 plants
  17 spectral weapons
100 creatures vanquished.

Grand Total: 905 creatures vanquished

Notes
Turn   | Place    | Note
-------+----------+-------------------------------------------
     0 | D:1      | MatthieuS the Merfolk Skald began the quest for the Orb.
     0 | D:1      | Reached XP level 1. HP: 16/16 MP: 3/3
   177 | D:1      | Reached XP level 2. HP: 21/23 MP: 1/5
   627 | D:1      | Learned a level 2 spell: Shroud of Golubria
   739 | D:1      | Reached XP level 3. HP: 27/28 MP: 6/6
  1275 | D:2      | Noticed Robin
  1285 | D:2      | Killed Robin
  1639 | D:2      | Reached XP level 4. HP: 34/34 MP: 7/7
  2291 | D:3      | Reached XP level 5. HP: 29/41 MP: 1/8
  2718 | D:3      | Learned a level 3 spell: Spectral Weapon
  2722 | D:3      | Learned a level 3 spell: Regeneration
  3240 | D:3      | Noticed Purgy
  3253 | D:3      | Killed Purgy
  3253 | D:3      | Reached skill level 1 in Hexes
  3253 | D:3      | Reached XP level 6. HP: 37/47 MP: 1/10
  3592 | D:3      | Noticed Ijyb
  3634 | D:3      | Killed Ijyb
  3634 | D:3      | Reached skill level 5 in Polearms
  3798 | D:3      | Found a stormy altar of Qazlal.
  3798 | D:3      | Found a blossoming altar of Fedhas.
  3818 | D:3      | Learned a level 2 spell: Song of Slaying
  4018 | D:3      | Reached XP level 7. HP: 23/53 MP: 7/11
  4906 | D:4      | Reached skill level 5 in Dodging
  4919 | D:4      | Reached skill level 5 in Charms
  5569 | D:5      | Entered Level 5 of the Dungeon
  5624 | D:5      | Found a staircase to the Ecumenical Temple.
  5643 | Temple   | Entered the Ecumenical Temple
  5790 | Temple   | Became a worshipper of Makhleb the Destroyer
  5882 | D:5      | Learned a level 1 spell: Animate Skeleton
  5917 | D:5      | Noticed a hungry ghost
  5933 | D:5      | Killed a hungry ghost
  5949 | D:5      | Reached XP level 8. HP: 30/61 MP: 13/13
  6360 | D:5      | Found a hide-covered altar of Uskayaw.
  6361 | D:5      | Found a white marble altar of Elyvilon.
  6532 | D:5      | Found Oseczo's Jewellery Shoppe.
  7440 | D:6      | Reached skill level 5 in Fighting
  7956 | D:6      | Noticed Blork the orc
  7970 | D:6      | Killed Blork the orc
  8095 | D:6      | Reached * piety under Makhleb
  8240 | D:6      | Found a runed translucent door.
  8243 | D:6      | Noticed everene's ghost (novice MfSk)
  8415 | D:7      | Reached XP level 9. HP: 68/68 MP: 11/16
  8501 | D:7      | Found Xecweantell's Gadget Shop.
  8529 | D:7      | Found Nuotas's Book Emporium.
  8584 | D:7      | Reached skill level 5 in Spellcasting
  8975 | D:7      | Reached skill level 10 in Polearms
  8991 | D:7      | Found Vetwiug's Assorted Antiques.
  9206 | D:7      | Found Toacril's Magic Scroll Emporium.
  9705 | D:8      | Noticed a two-headed ogre
  9742 | D:8      | Killed a two-headed ogre
  9742 | D:8      | Reached XP level 10. HP: 27/79 MP: 8/18
  9996 | D:5      | Bought the amulet of Ulit {Faith rElec rPois MR+} for 638
                  | gold pieces
 10100 | D:8      | Reached ** piety under Makhleb
 10635 | D:9      | Noticed Grum
 10904 | D:9      | Noticed Harold
 10916 | D:8      | Killed Harold
 11657 | D:8      | Learned a level 3 spell: Confuse
 11661 | D:8      | Learned a level 3 spell: Tukima's Dance
 11663 | D:8      | Learned a level 1 spell: Apportation
 11666 | D:8      | Found a snail-covered altar of Cheibriados.
 11814 | D:9      | Killed Grum
 12058 | D:9      | Reached *** piety under Makhleb
 12219 | D:9      | Reached skill level 10 in Fighting
 12335 | D:9      | Got a scorched dagger
 12339 | D:9      | Identified the +11 dagger of Chagrin {protect, +Rage rElec
                  | Int+3} (You found it on level 9 of the Dungeon)
 12405 | D:9      | Noticed a two-headed ogre
 12425 | D:9      | Killed a two-headed ogre
 12425 | D:9      | Reached skill level 1 in Invocations
 12425 | D:9      | Reached XP level 11. HP: 78/92 MP: 12/19
 12546 | D:9      | Reached **** piety under Makhleb
 12582 | D:9      | Found a snail-covered altar of Cheibriados.
 12583 | D:9      | Found a radiant altar of Vehumet.
 12596 | D:9      | Identified the ring of Jeria {rPois rC+}
 12819 | D:10     | Entered Level 10 of the Dungeon
 12826 | D:10     | Found a staircase to the Lair.
 13072 | D:10     | Noticed a two-headed ogre
 13081 | D:10     | Killed a two-headed ogre
 13204 | D:10     | Found Qukha's General Store.
 13228 | D:10     | Bought a +1 helmet of intelligence for 165 gold pieces
 13228 | D:10     | Bought a +0 pair of boots for 45 gold pieces
 13438 | Lair:1   | Entered Level 1 of the Lair of Beasts
 13452 | Lair:1   | Got a polished scale mail
 13467 | Lair:1   | Identified the +3 scale mail of Tiarudghuoh {Str+3} (You
                  | found it on level 1 of the Lair of Beasts)
 13747 | Lair:1   | Reached skill level 5 in Hexes
 13785 | Lair:1   | Identified Itearulo's Reference Book on the Floating
                  | Traveller
 13790 | Lair:1   | Learned a level 2 spell: Swiftness
 14028 | Lair:1   | Reached ***** piety under Makhleb
 14033 | Lair:1   | Reached XP level 12. HP: 89/100 MP: 17/22
 14387 | Lair:2   | Found a frozen archway.
 14423 | IceCv    | Entered an ice cave
 14547 | IceCv    | Reached skill level 5 in Invocations
 15336 | Lair:2   | Noticed Ceffuacw's ghost (journeyman NaWz)
 15336 | Lair:2   | Noticed a minotaur
 15350 | Lair:2   | Found a runed translucent gate.
 15350 | Lair:2   | Found a runed translucent gate.
 15350 | Lair:2   | Found a runed translucent gate.
 15817 | Lair:3   | Noticed a six-headed hydra
 15879 | Lair:3   | Found a staircase to the Shoals.
 15943 | Lair:3   | Noticed a five-headed hydra
 15947 | Lair:3   | Killed a six-headed hydra
 15960 | Lair:3   | Found a staircase to the Snake Pit.
 15974 | Lair:3   | Noticed a seven-headed hydra
 15983 | Lair:3   | Killed a seven-headed hydra
 15987 | Lair:3   | Got a faintly glowing rapier
 15988 | Lair:3   | Identified the +8 rapier of Acem {venom, +Blink Str-4
                  | Stlth+} (You found it on level 3 of the Lair of Beasts)
 16138 | Lair:3   | Noticed an eight-headed hydra
 16151 | Lair:3   | Killed an eight-headed hydra
 16212 | Lair:3   | Killed a six-headed hydra
 16449 | Lair:3   | Got a warped long sword
 16663 | Lair:4   | Reached XP level 13. HP: 108/108 MP: 18/25
 17185 | Lair:4   | Reached skill level 10 in Dodging
 17329 | Lair:5   | Reached skill level 1 in Armour
 17358 | Lair:5   | Found a viscous altar of Jiyva.
 17358 | Lair:5   | Found a staircase to the Slime Pits.
 17491 | Lair:5   | Reached ****** piety under Makhleb
 18154 | Lair:6   | Entered Level 6 of the Lair of Beasts
 18635 | Lair:6   | Got a steaming bone ring
 18789 | Lair:6   | Reached skill level 10 in Charms
 18863 | Lair:6   | Noticed an entropy weaver
 18872 | Lair:6   | Killed an entropy weaver
 18872 | Lair:6   | Reached XP level 14. HP: 104/116 MP: 27/27
 19154 | Lair:6   | Noticed an entropy weaver
 19472 | Lair:6   | Killed an entropy weaver
 20083 | Lair:6   | Noticed Snorg
 20093 | Lair:6   | Killed Snorg
 20756 | Lair:6   | Upgraded the game from 0.24-a0-333-g864f2b5 to
                  | 0.24-a0-335-g06ca16a
 21218 | D:11     | Reached skill level 10 in Spellcasting
 21650 | D:11     | Identified the ring of Beagya {+Fly rN+ MP+9} (You found it
                  | on level 6 of the Lair of Beasts)
 21933 | D:12     | Noticed Urug
 21944 | D:12     | Killed Urug
 21969 | D:12     | Reached skill level 10 in Invocations
 22089 | D:12     | Noticed Nessos
 22108 | D:12     | Killed Nessos
 22108 | D:12     | Reached skill level 5 in Armour
 22108 | D:12     | Reached XP level 15. HP: 50/125 MP: 16/29
 22407 | D:12     | Found a staircase to the Orcish Mines.
 22609 | D:12     | Found a roughly hewn altar of Beogh.
 22651 | D:12     | Found a runed translucent gate.
 22652 | D:12     | Found a runed translucent gate.
 22652 | D:12     | Noticed lyrin's ghost (adept MfSk)
 22652 | D:12     | Identified the cursed +1 flail of Might {crush, Int+3}
 22653 | D:12     | Found a runed translucent gate.
 22666 | D:12     | Found a roughly hewn altar of Beogh.
 22667 | D:12     | Found the +3 warlock's mirror {reflect}
 22722 | D:12     | Killed lyrin's ghost
 22776 | D:12     | Got a pair of faintly humming gloves
 22794 | D:12     | Identified the cursed +0 pair of gloves of Joej {rN++ rCorr
                  | Stlth+} (You found it on level 12 of the Dungeon)
 22986 | D:7      | Bought a scroll of identify for 28 gold pieces
 22986 | D:7      | Bought a scroll of identify for 28 gold pieces
 22986 | D:7      | Bought a scroll of identify for 28 gold pieces
 22986 | D:7      | Bought a scroll of identify for 28 gold pieces
 22986 | D:7      | Bought a scroll of enchant armour for 105 gold pieces
 22986 | D:7      | Bought a scroll of summoning for 133 gold pieces
 22986 | D:7      | Bought a scroll of teleportation for 42 gold pieces
 22986 | D:7      | Bought a scroll of teleportation for 42 gold pieces
 22986 | D:7      | Bought 3 scrolls of teleportation for 126 gold pieces
 23474 | D:13     | Found a glowing golden altar of the Shining One.
 23528 | D:13     | Found Teodan Xoro's Antique Armour Boutique.
 23543 | D:13     | Reached skill level 1 in Shields
 24116 | D:14     | Identified a scroll of acquirement
 24158 | D:14     | Found a gate to the Vaults.
 24259 | D:14     | Found a gate leading to a gauntlet.
 24268 | Gauntlet | Entered a Gauntlet
 24268 | Gauntlet | Found a transporter.
 24268 | Gauntlet | Found a transporter.
 24268 | Gauntlet | Found a transporter.
 24289 | Gauntlet | Found a transporter.
 24300 | Gauntlet | Found a transporter.
 24303 | Gauntlet | Found a transporter.
 24313 | Gauntlet | Found a transporter.
 24332 | Gauntlet | Found a transporter.
 24346 | Gauntlet | Found a transporter.
 24349 | Gauntlet | Found a transporter.
 24351 | Gauntlet | Found a runed translucent gate.
 24351 | Gauntlet | Found a runed translucent gate.
 24351 | Gauntlet | Found a runed translucent gate.
 24357 | Gauntlet | Found a transporter.
 24360 | Gauntlet | Found a transporter.
 24824 | Gauntlet | Got a faintly glowing halberd
 24830 | Gauntlet | Identified the +0 halberd of Befoqun {chop, *Drain rPois
                  | Str+4} (You acquired it in a Gauntlet)
 24848 | Gauntlet | Identified the +9 scale mail "Plog" {rF+ rN++}
 24886 | Gauntlet | Gained mutation: You are resistant to hostile enchantments.
                  | (MR+) [potion of mutation]
 24886 | Gauntlet | Gained mutation: You are dopey. (Int -2) [potion of
                  | mutation]
 24886 | Gauntlet | Lost mutation: You are dopey. (Int -2) [potion of mutation]
 24918 | Gauntlet | Identified Sif Muna's Tome of Black Arts and Heat
 24925 | Gauntlet | Identified Zisenar's Grimoire of Mutagenic Bewitchment
 24926 | Gauntlet | Got a blackened buckler
 24929 | Gauntlet | Got a pair of transparent gloves
 24959 | D:14     | Identified the +1 pair of gloves of Entitlement {*Contam
                  | rN+++ Str+4 Int+3} (You found it in a Gauntlet)
 25038 | D:14     | Gained mutation: You are clumsy. (Dex -2) [mutagenic glow]
 25206 | D:14     | Identified the +2 buckler "Zinonlaq" {rC+} (You found it in
                  | a Gauntlet)
 25387 | D:14     | You are sucked into a shaft!
 25387 | D:15     | Entered Level 15 of the Dungeon
 25721 | D:15     | Found a staircase to the Depths.
 26568 | D:15     | Reached XP level 16. HP: 128/134 MP: 22/30
 26990 | Depths:1 | Entered Level 1 of the Depths
 27422 | Depths:1 | Reached skill level 5 in Shields
 27426 | Depths:1 | Shot with a bolt by a yaktaur captain

Levels and vault maps discovered:
D:1:      wander_arrival_chamber, layout_basic
D:2:      layout_basic, first_ration, chequers_hall_statues_corner_a,
          grunt_decor_cap, uniq_robin
D:3:      kennysheep_goblin_castle, layout_loops_ring,
          grunt_temple_overflow_forces_of_nature, minmay_joined_circles,
          uniq_purgy
D:4:      layout_loops_corners, corexii_leaking_fountain
D:5:      layout_loops_ring, gammafunk_temple_overflow_pools,
          minmay_temple_entry_butterflies, serial_shops, shop, dk_noncrumbling_4
D:6:      layout_basic, ebering_ghost_sewer_d, uniq_blork_the_orc
D:7:      layout_basic, serial_shops, kennysheep_mini_moat,
          nicolae_shop_statue_plus, nicolae_shop_trees, shop_coins
D:8:      lemuel_upstairs_altar, layout_cave_pods
D:9:      layout_cross, gammafunk_temple_overflow_statue, serial_bayou,
          serial_bayou_pond_a, serial_bayou_lake_a, serial_bayou_lagoon_a,
          serial_bayou_shore_b, hangedman_little_slice_of_home, uniq_harold,
          uniq_grum
D:10:     layout_roguey, dpeg_oklobed_lair, serial_shops, shop_fountains,
          minmay_misc_feat_chi
D:11:     layout_long_grid
D:12:     layout_basic, minmay_orc_entry_temple_small,
          biasface_ghost_orc_armoury, uniq_urug, uniq_nessos
D:13:     layout_rooms, serial_shops, nicolae_shop_overgrown_old_shop,
          nicolae_tso_carved_into_rock
D:14:     layout_basic, david_vaults_2, gauntlet_entry_generic,
          minmay_misc_feat_rugged
D:15:     gammafunk_enter_depths_forms, layout_loops_ring,
          serial_park_tiny_pond, hangedman_decor_clover_reticule,
          serial_bayou_ford_a
Temple:   nicolae_temple_elliptical
Lair:1:   layout_gridlike, guppyfry_lair_drakes, grunt_megastairs_2
Lair:2:   layout_cave_pods, maelrawn_ghost_gauntlet_escape,
          portal_ice_cave_entry_ice_beasts
Lair:3:   layout_loops_ring, minmay_shoals_entry_beasts, dummy_snake_entry
Lair:4:   layout_big_grid, serial_bayou, serial_bayou_pond_d,
          serial_bayou_pond_c, serial_bayou_pond_c, serial_bayou_pond_c
Lair:5:   layout_loops_ring, slime_altar_1, serial_bayou_shore_a
Lair:6:   hangedman_lair_tendril_chambers, layout_cave_pods,
          hangedman_lair_caniforms_friends, st_stairs_8, wad_woods_antlair,
          infiniplex_staircase_pool, serial_bayou_shore_b, uniq_snorg
Depths:1: layout_cave_pools, hell_entry, chequers_jeans, st_stairs_4,
          minmay_protected_statue, minmay_shoptagon

Skill      XL: |  1  2  3  4  5  6  7  8  9 10 11 12 13 14 15 16 |
---------------+-------------------------------------------------+-----
Dodging        | 3 4 5 6 7 9 10 12 | 12.5
Polearms       | 4 5 6 8 12 14 | 14.0
Charms         | 4 5 7 8 10 11 | 11.0
Fighting       | 3 4 5 7 10 11 12 13 14 | 14.7
Spellcasting   | 3 4 5 6 8 9 10 | 10.9
Hexes          | 1 2 3 5 7 |  7.9
Invocations    | 1 4 6 8 10 11 | 11.2
Armour         | 3 5 |  5.2
Shields        | 3 5 |  5.0

Action                   |  1- 3 |  4- 6 |  7- 9 | 10-12 | 13-15 | 16-18 || total
-------------------------+-------+-------+-------+-------+-------+-------++-------
Melee: Spear             |   130 |   262 |    25 |       |       |       ||   417
       Tailslap          |       |     1 |       |       |     1 |       ||     2
       Trident           |       |       |   192 |   290 |   748 |   139 ||  1369
       Halberd           |       |       |   107 |   388 |   708 |       ||  1203
 Cast: Infusion          |     8 |     6 |     4 |    11 |    43 |     4 ||    76
       Shroud of Golubri |     3 |     4 |     6 |    26 |    37 |     5 ||    81
       Spectral Weapon   |       |     8 |    23 |    50 |    95 |     5 ||   181
       Animate Skeleton  |       |       |    15 |    45 |   102 |     2 ||   164
       Regeneration      |       |       |     3 |     4 |    22 |     2 ||    31
       Song of Slaying   |       |       |     1 |     2 |     3 |       ||     6
       Confuse           |       |       |       |       |     6 |     5 ||    11
       Tukima's Dance    |       |       |       |       |     4 |       ||     4
       Apportation       |       |       |       |       |     1 |       ||     1
Invok: Lesser Servant of |       |       |       |       |     7 |     5 ||    12
       Major Destruction |       |       |       |       |     1 |     2 ||     3
Evoke: Wand              |       |       |     2 |     4 |     1 |       ||     7
  Use: Scroll            |       |       |    14 |    18 |    21 |       ||    53
       Potion            |       |       |       |     6 |    11 |       ||    17
 Stab: Sleeping          |     1 |     2 |       |       |       |       ||     3
       Invisible         |       |       |       |     3 |     3 |       ||     6
       Distracted        |       |       |       |     4 |    12 |       ||    16
       Confused          |       |       |       |       |       |     6 ||     6
  Eat: Chunk             |     2 |     6 |    14 |    15 |    25 |     1 ||    63
       Ration            |       |     1 |     4 |     3 |     4 |     1 ||    13
Armor: Leather armour    |    33 |    35 |       |       |       |       ||    68
       Ring mail         |       |    11 |    71 |   105 |       |       ||   187
       Scale mail        |       |       |       |   101 |   581 |    32 ||   714
       Skin              |       |       |       |       |     4 |       ||     4
Dodge: Dodged            |    90 |   156 |   193 |   363 |   791 |    34 ||  1627
Block: Other             |       |       |     7 |       |       |       ||     7
       Reflection        |       |       |     1 |       |    12 |     8 ||    21
       Buckler           |       |       |       |       |   130 |    24 ||   154

Table legend:
 A = Non-vault XP
 B = Vault XP
 C = Vault XP percentage of total XP
 D = Non-vault monster count
 E = Vault monster count
 F = Vault count percentage of total count
                 A         B        C        D         E       F
            +---------+---------+-------+---------+---------+-------
      Total |   97772 |   45849 |  31.9 |     551 |     243 |  30.6
            +---------+---------+-------+---------+---------+-------
        D:1 |      38 |       9 |  19.1 |      21 |       5 |  19.2
        D:2 |      59 |      26 |  30.6 |      25 |       7 |  21.9
        D:3 |     193 |     325 |  62.7 |      26 |      29 |  52.7
        D:4 |     228 |       0 |   0.0 |      14 |       0 |   0.0
        D:5 |     589 |       0 |   0.0 |      12 |       0 |   0.0
        D:6 |     631 |      98 |  13.4 |      23 |       1 |   4.2
        D:7 |    1102 |       0 |   0.0 |      20 |       0 |   0.0
        D:8 |    2927 |     821 |  21.9 |      33 |       4 |  10.8
        D:9 |    3371 |     314 |   8.5 |      51 |       9 |  15.0
       D:10 |    2965 |       0 |   0.0 |      21 |       0 |   0.0
       D:11 |    3657 |       0 |   0.0 |      22 |       0 |   0.0
       D:12 |    8161 |    4830 |  37.2 |      37 |      25 |  40.3
       D:13 |    7289 |       0 |   0.0 |      27 |       0 |   0.0
       D:14 |   12517 |     754 |   5.7 |      43 |       3 |   6.5
       D:15 |   11245 |    4566 |  28.9 |      34 |       9 |  20.9
     Lair:1 |    3994 |     930 |  18.9 |      25 |       3 |  10.7
     Lair:2 |    1199 |    1041 |  46.5 |       5 |       8 |  61.5
     Lair:3 |    4702 |     764 |  14.0 |      13 |       2 |  13.3
     Lair:4 |    1621 |       0 |   0.0 |      10 |       0 |   0.0
     Lair:5 |    8891 |     249 |   2.7 |      29 |       1 |   3.3
     Lair:6 |   10116 |   23179 |  69.6 |      41 |     105 |  71.9
   Depths:1 |   12277 |       0 |   0.0 |      19 |       0 |   0.0
      IceCv |       0 |    5088 | 100.0 |       0 |      22 | 100.0
   Gauntlet |       0 |    2855 | 100.0 |       0 |      10 | 100.0
            +---------+---------+-------+---------+---------+-------
